 Dungeon Crawl Stone Soup version 0.30.0-5-g1a98f26d00 (webtiles) character file.

Game seed: 11816007375625231501

2433 Irreverend the Skirmisher (level 9, -1/50 HPs)
             Began as a Spriggan Hexslinger on May 8, 2023.
             Slain by a killer bee (3 damage)
             ... on level 7 of the Dungeon.
             The game lasted 00:23:00 (7485 turns).

Irreverend the Skirmisher (Spriggan Hexslinger)     Turns: 7485, Time: 00:23:01

Health: -1/50      AC:  2    Str:  6    XL:     9   Next: 24%
Magic:  12/12      EV: 18    Int: 15    God:
Gold:   461        SH:  0    Dex: 25    Spells: 9/10 levels left

rFire   . . .        u - +0 shortbow (drain)
rCold   . . .        (shield currently unavailable)
rNeg    . . .        c - +0 robe
rPois   .            (helmet restricted)
rElec   .            (no cloak)
rCorr   .            (gloves unavailable)
SInv    +            (boots unavailable)
Will    +....        (no amulet)
Stlth   ++           p - +6 ring of dexterity
HPRegen 0.28/turn    (no ring)
MPRegen 0.13/turn

%: no passive effects
@: very quick
A: very small, no large weapons, unfitting armour, see invisible, speed 3
a: no special abilities


You were on level 7 of the Dungeon.
You visited 2 branches of the dungeon, and saw 8 of its levels.

You collected 461 gold pieces.

Inventory:

Hand Weapons
 a - a +1 sling
 u - a +0 shortbow of draining (weapon)
Missiles
 y - a throwing net
Armour
 c - a +0 robe (worn)
Jewellery
 p - a +6 ring of dexterity (left hand)
Wands
 v - a wand of paralysis (11)
 x - a wand of flame (13)
 A - a wand of digging (6)
Scrolls
 b - a scroll of poison
 e - 2 scrolls of fear {unknown}
 f - 4 scrolls of immolation {unknown}
 g - 6 scrolls of identify {unknown}
 h - 3 scrolls of magic mapping {unknown}
 j - 2 scrolls of enchant weapon {unknown}
 m - 2 scrolls of blinking {unknown}
 n - 2 scrolls of enchant armour {unknown}
 o - a scroll of summoning {unknown}
 q - 4 scrolls of teleportation {unknown}
 t - 2 scrolls of vulnerability {unknown}
 w - a scroll of brand weapon {unknown}
 B - a scroll of fog {unknown}
Potions
 d - 2 potions of heal wounds
 i - 2 potions of invisibility {unknown}
 k - 4 potions of lignification {unknown}
 l - a potion of might {unknown}
 r - 3 potions of curing
 s - 5 potions of flight {unknown}
 z - a potion of brilliance {unknown}


   Skills:
 + Level 7.4 Fighting
 + Level 9.1 Ranged Weapons
 - Level 2.6 Dodging
 - Level 1.3 Spellcasting
 - Level 3.6 Hexes


You had 9 spell levels left.
You knew the following spells:

 Your Spells              Type           Power      Damage    Failure   Level
a - Slow                  Hex            44%        N/A       5%          1

Your spell library contained the following spells:

 Spells                   Type           Power      Damage    Failure   Level
 Magic Dart               Conj           4%         1d3       24%         1
 Searing Ray              Conj           2%         2d4       34%         2
 Inner Flame              Hex/Fire       6%         N/A       34%         3
 Portal Projectile        Hex/Tloc       12%        N/A       34%         3
 Cause Fear               Hex            5%         N/A       47%         4
 Fulminant Prism          Conj/Hex       3%         3d5       75%         4


Dungeon Overview and Level Annotations

Branches:
Dungeon (7/15)             Temple (1/1) D:6

Altars:
Ashenzari
Cheibriados
Dithmenos
Elyvilon
Fedhas
Gozag
Hepliaklqana
Kikubaaqudgha
Nemelex Xobeh
Okawaru
Qazlal
Ru
Sif Muna
Trog
Uskayaw
Vehumet
Wu Jian
Xom
Yredelemnul
Zin
The Shining One

Shops:
D:5 [   D:7 =

Annotations:
D:3 2 transporters, adizb's ghost, amateur OpMo
D:7 2 transporters, Menkaure


Innate Abilities, Weirdness & Mutations

You are very small and have problems with some larger weapons.
You are too small for most types of armour.
You have supernaturally acute eyesight. (SInv)
You cover ground extremely quickly. (Speed+++)


Message History

Aim: a killer bee (50% to hit)
You shoot an arrow.
The arrow closely misses the killer bee.
The arrow hits the killer bee.
The killer bee is lightly wounded.
You feel sick.
You are no longer poisoned.
The killer bee barely misses you. The killer bee completely misses you.
Fire: u) +0 shortbow (drain)
Press: ? - help, Shift-Dir - straight line, f/p - killer bee
Aim: a killer bee (50% to hit)
You shoot an arrow. The arrow misses the killer bee. x2
The killer bee closely misses you. The killer bee misses you.
Fire: u) +0 shortbow (drain)
Press: ? - help, Shift-Dir - straight line, f/p - killer bee
Aim: a killer bee (50% to hit)
You shoot an arrow. The arrow hits the killer bee!
You drain the killer bee.
You kill the killer bee!
The killer bee stings you.
Fire: u) +0 shortbow (drain)
Press: ? - help, Shift-Dir - straight line, f - killer bee
Aim: a killer bee (lightly wounded, 50% to hit)
You shoot an arrow. The arrow misses the killer bee.
The killer bee stings you but does no damage.
The killer bee closely misses you.
Fire: u) +0 shortbow (drain)
Press: ? - help, Shift-Dir - straight line, f/p - killer bee
Aim: a killer bee (lightly wounded, 50% to hit)
You shoot an arrow. The arrow barely misses the killer bee.
The killer bee stings you!
* * * LOW HITPOINT WARNING * * *
The killer bee stings you.
* * * LOW HITPOINT WARNING * * *
Fire: u) +0 shortbow (drain)
Press: ? - help, Shift-Dir - straight line, f/p - killer bee
Aim: a killer bee (lightly wounded, 50% to hit)
You shoot an arrow. The arrow misses the killer bee.
The killer bee stings you.
* * * LOW HITPOINT WARNING * * *
The killer bee stings you.
You die...

.....[#...............#.#.##.....
©...Z⌠#©...........(..#.#.####...
.. ..=#..............##....######
.# #._#.##.)............#........
.###.$#.########.#.##..##........
.....?#.# #.#...#........<..
MM..Wz#.# #.###.....>.......
#######.### #y# #..#.#........
..........#### #@# ##...#........
.######.#....###÷###....#........
.# #..........#..#...#.#########
.# #..........##.#...#.#
.####................##.######
.............................#
#####.................#...####
...............##....####.##
#####......................#


You could see a killer bee.

Vanquished Creatures
  A yak (D:5)
  Eustachio (D:5)
  A steam dragon (D:7)
  A black bear (D:6)
  2 orc warriors
  3 ice beasts
  An ogre (D:5)
  A centaur (D:5)
  A kobold brigand (D:7)
  3 scorpions
  2 killer bees (D:7)
  A howler monkey (D:5)
  5 hounds
  Ijyb (D:4)
  2 sleepcaps (D:4)
  5 orc priests
  6 iguanas
  4 orc wizards
  Robin (D:2)
  3 gnolls (D:6)
  12 adders
  A white imp (D:4)
  An ufetubus (D:5)
  5 dart slugs
  23 orcs
  11 ball pythons
  4 bats
  4 endoplasms
  4 giant cockroaches (D:1)
  14 goblins
  11 hobgoblins
  12 kobolds
  2 quokkas
  5 frilled lizards
  A rat (D:3)
155 creatures vanquished.

Notes
Turn   | Place    | Note
-------+----------+-------------------------------------------
     0 | D:1      | Irreverend the Spriggan Hexslinger began the quest for the
                  | Orb.
     0 | D:1      | Reached XP level 1. HP: 9/9 MP: 3/3
   133 | D:1      | Reached skill level 1 in Fighting
   476 | D:1      | Reached XP level 2. HP: 9/14 MP: 5/5
   981 | D:1      | Reached XP level 3. HP: 18/18 MP: 6/6
  1054 | D:2      | Reached skill level 3 in Ranged Weapons
  1450 | D:2      | Reached XP level 4. HP: 21/23 MP: 7/7
  1660 | D:2      | Noticed Robin
  1685 | D:2      | Killed Robin
  2686 | D:3      | Noticed adizb's ghost (amateur OpMo)
  2691 | D:3      | Found a transporter.
  2772 | D:3      | Found a sacrificial altar of Ru.
  2774 | D:3      | Found an ornate altar of the Wu Jian Council.
  2859 | D:3      | Reached XP level 5. HP: 28/28 MP: 8/8
  3096 | D:3      | Found a transporter.
  3126 | D:4      | Found an iron altar of Okawaru.
  3186 | D:4      | Reached skill level 4 in Ranged Weapons
  3595 | D:4      | Reached XP level 6. HP: 32/32 MP: 9/9
  3896 | D:4      | Found a sparkling altar of Nemelex Xobeh.
  3931 | D:4      | Noticed Ijyb
  3951 | D:4      | Killed Ijyb
  3952 | D:4      | Reached skill level 5 in Ranged Weapons
  4203 | D:5      | Entered Level 5 of the Dungeon
  4203 | D:5      | Found Xiett's Antique Armour Boutique.
  4225 | D:5      | Noticed Eustachio
  4451 | D:5      | Killed Eustachio
  4452 | D:5      | Reached XP level 7. HP: 32/38 MP: 10/10
  4616 | D:5      | Noticed a yak
  4713 | D:5      | Reached skill level 6 in Ranged Weapons
  4966 | D:5      | Killed a yak
  4967 | D:5      | Reached skill level 5 in Fighting
  5022 | D:5      | Found a shimmering blue altar of Sif Muna.
  5064 | D:5      | Reached XP level 8. HP: 30/44 MP: 11/11
  5262 | D:5      | Reached skill level 7 in Ranged Weapons
  5458 | D:6      | Found a staircase to the Ecumenical Temple.
  5500 | Temple   | Entered the Ecumenical Temple
  6069 | D:6      | Reached skill level 8 in Ranged Weapons
  6187 | D:6      | Found a shadowy altar of Dithmenos.
  6187 | D:6      | Found a hide-covered altar of Uskayaw.
  6973 | D:7      | Found Tudeta's Jewellery Shop.
  7166 | D:7      | Found a basalt altar of Yredelemnul.
  7166 | D:7      | Found an ancient bone altar of Kikubaaqudgha.
  7167 | D:7      | Noticed Menkaure
  7209 | D:7      | Reached XP level 9. HP: 34/49 MP: 12/12
  7281 | D:7      | Found a transporter.
  7291 | D:7      | Found a transporter.
  7428 | D:7      | Reached skill level 9 in Ranged Weapons
  7485 | D:7      | HP: 2/50 [killer bee (3)]
  7485 | D:7      | Slain by a killer bee

Illustrated notes

Levels and vault maps discovered:
D:1:      saegor_arrival_simple_e, layout_loops_ring
D:2:      layout_basic, kennysheep_boxes, uniq_robin
D:3:      layout_basic, jmf_multi_god_temple, gammafunk_ghost_mausoleum
D:4:      layout_rooms, okawaru_gym_becter, nemelex_spade_bored_becter,
          chequers_hall_statues_y, uniq_ijyb
D:5:      kennysheep_big_flooded_room, layout_gridville, lemuel_blue_sif_altar,
          serial_shops, nicolae_stop_n_shop_1, uniq_eustachio
D:6:      layout_basic, gammafunk_temple_overflow_wave,
          minmay_temple_entry_ruins
D:7:      layout_rooms, gammafunk_temple_of_torment, nicolae_stop_n_shop_2
Temple:   hellmonk_temple_flake

Skill      XL: |  1  2  3  4  5  6  7  8  9 |
---------------+----------------------------+-----
Fighting       | 1 2 3 4 5 6 7 |  7.4
Ranged Weapons | 3 4 5 6 8 9 |  9.1
Dodging        | |  2.6
Spellcasting   | |  1.3
Hexes          | |  3.6

Action                     |  1- 3 |  4- 6 |  7- 9 || total
---------------------------+-------+-------+-------++-------
   Fire: Sling             |   108 |   148 |       ||   256
         Shortbow          |       |   115 |   257 ||   372
   Cast: Slow              |     5 |     8 |    15 ||    28
 Armour: Robe              |     6 |     4 |     6 ||    16
  Dodge: Dodged            |    41 |    54 |    59 ||   154
